 Dungeon Crawl Stone Soup version 0.20-a0-899-g09a9bfb (webtiles) character file.

249 Avack the Poker (level 6, -1/44 HPs)
             Began as a Human Wanderer on Mar 18, 2017.
             Was an Initiate of Ashenzari.
             Slain by a hippogriff (5 damage)
             ... on level 5 of the Dungeon.
             The game lasted 00:12:02 (3858 turns).

Avack the Poker (Human Wanderer)                    Turns: 3858, Time: 00:12:02

Health: -1/44      AC:  5    Str: 12    XL:     6   Next: 35%
Magic:  0/10       EV: 10    Int: 10    God:    Ashenzari [......]
Gold:   198        SH:  0    Dex: 17    Spells: 11/11 levels left

rFire    . . .     SeeInvis +   a - +3 spear (curse)
rCold    . . .     Gourm    .   l - +0 leather armour
rNeg     . . .     Faith    .   (no shield)
rPois    .         Spirit   +   t - +0 helmet
rElec    .         Reflect  .   (no cloak)
rCorr    .         Harm     .   (no gloves)
MR       .....                  m - +0 pair of boots
Stlth    ++........             v - amulet of guardian spirit
Regen    0.2/turn               (no ring)
MPRegen  0.2/turn               s - ring of see invisible

@: hasted, very quick
A: no striking features
a: Curse Item, Renounce Religion


You were on level 5 of the Dungeon.
You worshipped Ashenzari.
Ashenzari was noncommittal.
You were not hungry.

You visited 1 branch of the dungeon, and saw 5 of its levels.

You collected 198 gold pieces.

Inventory:

Hand Weapons
 a - a cursed +3 spear (weapon)
Missiles
 i - 102 stones (quivered)
 y - 5 needles of confusion
Armour
 l - a +0 leather armour (worn)
 m - a +0 pair of boots (worn)
 t - a +0 helmet (worn)
Jewellery
 d - an uncursed ring of fire
 s - a ring of see invisible (left hand)
 v - an amulet of guardian spirit (around neck)
Wands
 r - a wand of iceblast (15/15)
Scrolls
 h - 3 scrolls of amnesia
 n - 2 scrolls of teleportation {unknown}
 q - 3 scrolls of blinking
 w - a scroll of recharging
Potions
 e - a potion of ambrosia
 o - a potion of might
 p - 3 potions of lignification
 u - a potion of magic
 z - a potion of haste
 B - a potion of cancellation {unknown}
Books
 b - the Tome of Cold

   Spells                             Type                      Level
   a - Throw Frost                    Conjuration/Ice              2
   b - Ensorcelled Hibernation        Hexes/Ice                    2
 c - the Grimoire of Execration

   Spells                             Type                      Level
   a - Corona                         Hexes                        1
   b - Confuse                        Hexes                        3
Comestibles
 f - 3 bread rations
 g - 4 fruits
 j - a royal jelly
 k - 4 chunks of flesh
 x - 2 meat rations


   Skills:
 - Level 2.0 Fighting
 + Level 5.9 Polearms
 - Level 1.0 Throwing
 - Level 1.0 Stealth
 - Level 3.0 Spellcasting
   Level 1.0 Conjurations
   Level 1.0 Poison Magic


You had 11 spell levels left.
You didn't know any spells.

Dungeon Overview and Level Annotations

Branches:
Dungeon (5/15)             Temple (0/1) D:4

Altars:
Ashenzari
Fedhas
Kikubaaqudgha

Annotations:
D:4 Sigmund


Message History

You hit the hippogriff.
The hippogriff is lightly wounded.
The jackal skeleton barely misses you.
You hit the hippogriff.
The hippogriff is moderately wounded.
The hippogriff bites you. The hippogriff pecks you!
The hippogriff claws you but does no damage.
The jackal skeleton closely misses you.
You barely miss the hippogriff.
The hippogriff is moderately wounded.
The jackal skeleton bites you. The hippogriff bites you.
* * * LOW HITPOINT WARNING * * *
The hippogriff pecks you.
* * * LOW HITPOINT WARNING * * *
The hippogriff claws you but does no damage.
You feel yourself speed up. The jackal skeleton barely misses you.
The hippogriff bites you.
* * * LOW HITPOINT WARNING * * *
The hippogriff pecks you.
You die...

### ..####
#....########
##.....#.....#
##.............
#....@.........
#....ZH........
#......<.......
#..............
#..............
##......[......
##.....#.....#
#############


You could see a hippogriff and a jackal skeleton.

Vanquished Creatures
  2 orc priests (D:3)
  An iguana (D:4)
  Jessica (D:2)
  4 gnolls (D:3)
  3 adders
  2 worms
  A dart slug (D:1)
  A leopard gecko (D:2)
  5 orcs
  A ball python (D:1)
  6 giant cockroaches
  6 goblins
  5 hobgoblins
  4 jackals (D:3)
  A quokka (D:4)
  8 bats
  7 frilled lizards
  5 kobolds
  4 rats
67 creatures vanquished.

Notes
Turn   | Place    | Note
-------+----------+-------------------------------------------
     0 | D:1      | Avack the Human Wanderer began the quest for the Orb.
     0 | D:1      | Avack set off with: a +2 spear, the Tome of Cold, the Grimoire of Execration, a +0 robe, a bread ration
     0 | D:1      | Reached XP level 1. HP: 16/16 MP: 4/4
     0 | D:1      | Identified the Tome of Cold
     0 | D:1      | Identified the Grimoire of Execration
   324 | D:1      | Reached skill level 2 in Polearms
   324 | D:1      | Reached XP level 2. HP: 19/22 MP: 6/6
   923 | D:1      | Reached XP level 3. HP: 27/27 MP: 7/7
  1169 | D:2      | Reached skill level 3 in Polearms
  1765 | D:2      | Noticed Jessica
  1774 | D:2      | Killed Jessica
  1774 | D:2      | Reached skill level 4 in Polearms
  1774 | D:2      | Reached XP level 4. HP: 33/33 MP: 8/8
  2101 | D:3      | Found a shattered altar of Ashenzari.
  2104 | D:3      | Found an ancient bone altar of Kikubaaqudgha.
  2177 | D:3      | Became a worshipper of Ashenzari the Shackled
  2379 | D:3      | Reached XP level 5. HP: 38/38 MP: 9/9
  2416 | D:3      | HP: 1/38 [orc priest/divine providence (11)]
  2637 | D:3      | Reached skill level 5 in Polearms
  2822 | D:3      | Reached XP level 6. HP: 40/44 MP: 7/10
  3088 | D:3      | Found a blossoming altar of Fedhas.
  3246 | D:4      | Noticed Sigmund
  3520 | D:4      | Found a staircase to the Ecumenical Temple.
  3846 | D:5      | Entered Level 5 of the Dungeon
  3846 | D:5      | Noticed a hippogriff
  3858 | D:5      | Slain by a hippogriff

Vault maps used:
D:1:      dpeg_arrival_orchard, wad_floor_pattern_untrapped, minmay_tripent
D:2:      minmay_distorted, uniq_jessica
D:3:      minitemple, fedhas_altar_1, first_bread, minmay_misc_feat_doors
D:4:      minmay_temple_entry_mist, tso_altar, uniq_sigmund
D:5:      kennysheep_mini_moat, lemuel_flame_loot_1

Skill      XL: |  1  2  3  4  5 |
---------------+----------------+-----
Polearms       | 2 4 5 |  5.9
Fighting       | |  2.0
Throwing       | |  1.0
Stealth        | |  1.0
Spellcasting   | |  3.0
Conjurations   | |  1.0
Poison Magic   | |  1.0

Action                   |  1- 3 |  4- 6 || total
-------------------------+-------+-------++-------
Melee: Spear             |   134 |   162 ||   296
Throw: Stone             |       |     6 ||     6
Invok: Curse Item        |       |     1 ||     1
  Use: Scroll            |       |    10 ||    10
       Potion            |       |     2 ||     2
 Stab: Sleeping          |    11 |     5 ||    16
       Distracted        |     1 |       ||     1
  Eat: Chunk             |     3 |     6 ||     9
Armor: Robe              |     5 |       ||     5
       Leather armour    |    12 |    35 ||    47
Dodge: Dodged            |    46 |    61 ||   107
